 Dungeon Crawl Stone Soup version 0.31-a0-210-gccc998df9b (webtiles) character file.

Game seed: 428254198911183136

142 qw the Shooter (level 5, -1/45 HPs)
             Began as a Minotaur Hexslinger on June 29, 2023.
             Slain by a hobgoblin (6 damage)
             ... on level 3 of the Dungeon.
             The game lasted 00:00:47 (2134 turns).

qw the Shooter (Minotaur Hexslinger)                Turns: 2134, Time: 00:00:48

Health: -1/45      AC:  5    Str: 13    XL:     5   Next: 3%
Magic:  5/5        EV: 11    Int: 10    God:
Gold:   58         SH:  0    Dex: 14    Spells: 5/6 levels left

rFire   . . .        Y - +1 sling
rCold   . . .        (no shield)
rNeg    . . .        d - +0 ring mail
rPois   .            (helmet restricted)
rElec   .            (no cloak)
rCorr   .            (no gloves)
SInv    .            (no boots)
Will    .....        (no amulet)
Stlth   +            (no ring)
HPRegen 0.27/turn    (no ring)
MPRegen 0.09/turn

%: no passive effects
@: no status effects
A: horns 2, retaliatory headbutt
a: no special abilities


You were on level 3 of the Dungeon.
You visited 1 branch of the dungeon, and saw 3 of its levels.

You collected 58 gold pieces.


Innate Abilities, Weirdness & Mutations

You have a pair of horns on your head.
You reflexively headbutt those who attack you in melee.


   Skills:
 - Level 3.0 Fighting
 + Level 5.0 Ranged Weapons
 - Level 1.0 Armour
 - Level 2.1 Dodging
 - Level 1.0 Spellcasting
 - Level 2.0 Hexes


You had 5 spell levels left.
You knew the following spells:

 Your Spells              Type           Power      Damage    Failure   Level
a - Slow                  Hex            16%        N/A       32%         1

Your spell library contained the following spells:

 Spells                   Type           Power      Damage    Failure   Level
 Inner Flame              Hex/Fire       2%         N/A       82%         3
 Portal Projectile        Hex/Tloc       4%         N/A       82%         3
 Cause Fear               Hex            2%         N/A       97%         4

Inventory:

Hand Weapons
 Y - a +1 sling (weapon)
Armour
 d - a +0 ring mail (worn)
Scrolls
 b - a scroll of butterflies {unknown}
 e - a scroll of identify
Potions
 a - a potion of curing
 f - a potion of attraction {unknown}

Dungeon Overview and Level Annotations

Branches:
Dungeon (3/15)

Altars:

Annotations:
D:3 Robin


Message History

You shoot a sling bullet. The sling bullet barely misses Ijyb.
The goblin shouts!
Ijyb no longer looks unusually strong.
The giant cockroach bites you.
Robin roars a battlecry!
The goblins go into a battle-frenzy!
The hobgoblin barely misses you. Ijyb closely misses you.
The giant cockroach closely misses you.
You hear a shout!
You shoot a sling bullet.
The sling bullet hits Ijyb but does no damage.
Ijyb is almost dead.
The hobgoblin barely misses you.
A hobgoblin comes into view.
Robin hits you with a +0 short sword. Ijyb misses you.
The giant cockroach completely misses you.
You furiously retaliate!
You headbutt the giant cockroach!
You kill the giant cockroach!
The hobgoblin barely misses you. You furiously retaliate!
You headbutt the hobgoblin.
You kill the hobgoblin!
Ijyb hits you with a +0 club. Robin hits you with a +0 short sword.
You shoot a sling bullet. The sling bullet barely misses Ijyb.
Robin hits you but does no damage. Ijyb hits you with a +0 club.
You shoot a sling bullet. The sling bullet hits Ijyb.
Ijyb is almost dead.
Robin hits you with a +0 short sword. Ijyb hits you with a +0 club!
You shoot a sling bullet. The sling bullet hits Ijyb.
You kill Ijyb!
Robin closely misses you. The goblin closely misses you.
Robin throws the goblin at you!
Your Fighting skill increases to level 3!
You have reached level 5!
You shoot a sling bullet. The sling bullet hits Robin.
Robin is heavily wounded.
Robin misses you. The goblin hits you with a +0 dagger.
You shoot a sling bullet. The sling bullet barely misses Robin.
The hobgoblin hits you. Robin barely misses you. The goblin closely misses you.
You shoot a sling bullet. The sling bullet barely misses Robin.
The hobgoblin hits you.
You die...

..................#####
.##...................##
..#.....................
........................
.#......................
###....................
###.#..#.##............
.##.......>....).g####
.#######.#).....@.# ..#
#.......gg.# #.#
###.........# #.#
#..........# #.#
#..........#
#.########...........
......................
.......................
#########


You could see Robin, a hobgoblin (strong) and a goblin (strong).

Vanquished Creatures
  An iguana (D:2)
  Ijyb (D:3)
  5 adders
  2 worms (D:2)
  A dart slug (D:1)
  An orc (D:3)
  4 ball pythons
  2 endoplasms
  4 giant cockroaches
  4 goblins
  3 hobgoblins
  A quokka (D:1)
  3 bats
  5 frilled lizards
  2 kobolds
39 creatures vanquished.

Notes
Turn   | Place    | Note
-------+----------+-------------------------------------------
     0 | D:1      | qw the Minotaur Hexslinger began the quest for the Orb.
     0 | D:1      | Reached XP level 1. HP: 16/16 MP: 1/1
     0 | D:1      | 0 ||| qw: Version: 0.3-a-24-ga2abf7b
     0 | D:1      | 0 ||| qw: Game counter: 6968
     0 | D:1      | 0 ||| qw: Melee chars always use a shield: true
     0 | D:1      | 0 ||| qw: God list: Okawaru
     0 | D:1      | 0 ||| qw: Allow faded altars: false
     0 | D:1      | 0 ||| qw: Do Orc after clearing Dungeon:15 true
     0 | D:1      | 0 ||| qw: Do second Lair branch before Depths: true
     0 | D:1      | 0 ||| qw: Lair rune preference: random
     0 | D:1      | 0 ||| qw: Goals: Normal
     0 | D:1      | 0 ||| PLANNING D:1-11
   208 | D:1      | Reached skill level 3 in Ranged Weapons
   210 | D:1      | Reached XP level 2. HP: 23/23 MP: 2/2
   905 | D:1      | 905 ||| UPGRADING to +0 ring mail.
   915 | D:1      | 915 ||| DROPPING +0 robe.
   916 | D:1      | 916 ||| READING scroll labelled ISECSE TIAX.
   917 | D:1      | 917 ||| READING scroll labelled AROCAC KISI.
   918 | D:1      | 918 ||| DROPPING scroll of poison.
  1026 | D:2      | Reached XP level 3. HP: 23/29 MP: 3/3
  1027 | D:2      | 1027 ||| FLEEEEING.
  1028 | D:2      | 1028 ||| FLEEEEING.
  1033 | D:2      | 1033 ||| FLEEEEING.
  1034 | D:2      | 1034 ||| FLEEEEING.
  1035 | D:2      | 1035 ||| FLEEEEING.
  1036 | D:2      | 1036 ||| FLEEEEING.
  1037 | D:2      | 1037 ||| FLEEEEING.
  1038 | D:2      | 1038 ||| FLEEEEING.
  1039 | D:2      | 1039 ||| FLEEEEING.
  1040 | D:2      | 1040 ||| FLEEEEING.
  1041 | D:2      | 1041 ||| FLEEEEING.
  1046 | D:2      | 1046 ||| FLEEEEING.
  1047 | D:2      | 1047 ||| FLEEEEING.
  1048 | D:2      | 1048 ||| FLEEEEING.
  1049 | D:2      | 1049 ||| FLEEEEING.
  1050 | D:2      | 1050 ||| FLEEEEING.
  1055 | D:2      | 1055 ||| FLEEEEING.
  1060 | D:2      | 1060 ||| FLEEEEING.
  1061 | D:2      | 1061 ||| FLEEEEING.
  1062 | D:2      | 1062 ||| FLEEEEING.
  1063 | D:2      | 1063 ||| FLEEEEING.
  1064 | D:2      | 1064 ||| FLEEEEING.
  1065 | D:2      | 1065 ||| FLEEEEING.
  1066 | D:2      | 1066 ||| FLEEEEING.
  1069 | D:2      | 1069 ||| STAIRDANCE
  1082 | D:1      | 1082 ||| DRINKING 2 coppery potions.
  1292 | D:2      | Reached skill level 4 in Ranged Weapons
  1295 | D:2      | HP: 4/29 [worm (9)]
  1759 | D:2      | Reached skill level 1 in Armour
  1817 | D:2      | 1817 ||| READING scroll labelled KEATZONIA.
  1818 | D:2      | 1818 ||| READING scroll labelled TAGALOESSE.
  1819 | D:2      | 1819 ||| READING 2 scrolls of identify.
  1819 | D:2      | 1819 ||| IDENTIFYING emerald potion
  1867 | D:3      | 1867 ||| STAIRDANCE
  1876 | D:2      | Reached XP level 4. HP: 13/36 MP: 4/4
  2081 | D:3      | Reached skill level 5 in Ranged Weapons
  2100 | D:3      | Noticed Ijyb
  2107 | D:3      | Paralysed by Ijyb for 3 turns
  2111 | D:3      | Noticed Robin
  2123 | D:3      | HP: 9/36 [Ijyb/+0 club (3)]
  2124 | D:3      | 2124 ||| DRINKING potion of heal wounds.
  2130 | D:3      | HP: 6/37 [Ijyb/+0 club (10)]
  2131 | D:3      | Killed Ijyb
  2132 | D:3      | Reached skill level 3 in Fighting
  2132 | D:3      | Reached XP level 5. HP: 8/45 MP: 5/5
  2134 | D:3      | Slain by a hobgoblin

Levels and vault maps discovered:
D:1:      minmay_arrival_three_doors, layout_basic,
          chequers_serial_rivers_small_a, chequers_serial_rivers_small_b,
          minivault_4, lemuel_flame_loot_1
D:2:      layout_loops_ring
D:3:      layout_rooms, lemuel_coloured_pillars_altar, elyvilon_altar_4,
          demons_altar, nicolae_goblin_pals

Skill      XL: |  1  2  3  4 |
---------------+-------------+-----
Ranged Weapons | 3 4 5 |  5.0
Fighting       | 2 3 |  3.0
Armour         | 1 |  1.0
Dodging        | |  2.1
Spellcasting   | |  1.0
Hexes          | |  2.0

Action                     |  1- 3 |  4- 6 || total
---------------------------+-------+-------++-------
   Fire: Sling             |   121 |    57 ||   178
    Use: Scroll            |     5 |       ||     5
         Potion            |     1 |     1 ||     2
 Armour: Robe              |     3 |       ||     3
         Ring mail         |    20 |    32 ||    52
  Dodge: Dodged            |    49 |    48 ||    97

Table legend:
 A = Non-vault XP
 B = Vault XP
 C = Vault XP percentage of total XP
 D = Non-vault monster count
 E = Vault monster count
 F = Vault count percentage of total count
                 A         B        C        D         E       F
            +---------+---------+-------+---------+---------+-------
      Total |     163 |      40 |  19.7 |      36 |       3 |   7.7
            +---------+---------+-------+---------+---------+-------
        D:1 |      19 |       0 |   0.0 |      11 |       0 |   0.0
        D:2 |     103 |       0 |   0.0 |      16 |       0 |   0.0
        D:3 |      41 |      40 |  49.4 |       9 |       3 |  25.0
            +---------+---------+-------+---------+---------+-------
